Map: King's Cove LE

Players

Probe

  • Race: Protoss Protoss
  • League: Master
  • Spawn Location: 5:00

scarlett - Winner!

  • Race: Zerg Zerg
  • League: Master
  • Spawn Location: 11:00

Event: 2019 WCS Winter Americas

VOD

Have the link to the VOD?

Description

Time

  • Played on: March 23, 2019, 3:18 p.m.
  • Length: 16:21

All games in this series

Show
View Real Time Build Order
Export as new Build Order

Probe Protoss 

Build Orders: Phoenix Opening, Zealot Archon, Archon Drop, Dark Templar Rush 

Get SALT Encoding   

  12  0:01  Probe  
  13  0:13  Probe  
  14  0:18  Pylon  
  14  0:25  Probe  
  15  0:33  Probe  
  15  0:38  Gateway  
  15  0:41  Probe  
  16  0:46  Assimilator  
  17  0:50  Probe  
  17  0:55  Assimilator  
  18  0:59  Probe  
  19  1:07  Probe  
  20  1:18  Probe  
  21  1:27  Cybernetics Core  
  21  1:29  Pylon  
  21  1:30  Probe  
  22  1:42  Probe  
  24  1:54  Probe  
  24  2:01  Nexus  
  24  2:03  Sentry  
  24  2:05  Warp Gate  
  26  2:14  Twilight Council  
  26  2:17  Probe  
  27  2:29  Stalker, Probe  
  30  2:39  Pylon  
  30  2:40  Phoenix  
  30  2:42  Probe  
  31  2:52  Dark Shrine  
  31  2:57  Probe  
  32  3:01  Gateway  
  32  3:10  Gateway  
  32  3:17  Probe x2  
  34  3:25  Probe x2  
  34  3:34  Probe x2  
  38  3:41  Pylon  
  38  3:42  Probe  
  38  3:46  Probe  
  40  3:51  Probe  
  41  3:58  Probe  
  41  4:00  Probe  
  42  4:05  Dark Templar x3  
  42  4:06  Probe  
  49  4:12  Probe  
  49  4:14  Pylon, Probe  
  49  4:16  Assimilator x2  
  52  4:24  Probe x2  
  52  4:25  Robotics Facility  
  54  4:36  Probe  
  55  4:39  Probe  
  56  4:48  Probe  
  56  4:52  Probe  
  58  5:00  Probe  
  58  5:02  Warp Prism  
  58  5:04  Gateway, Probe  
  58  5:05  Gateway  
  58  5:06  Forge  
  58  5:07  Gateway, Blink  
  58  5:14  Pylon  
  58  5:19  Gateway  
  58  5:21  Pylon  
  58  5:23  Protoss Ground Weapons Level 1  
  58  5:31  Dark Templar x2  
  58  5:32  Dark Templar  
  63  5:37  Pylon  
  63  5:52  Archon  
  63  5:59  Dark Templar  
  65  6:04  Archon  
  65  6:12  Nexus  
  65  6:13  Pylon  
  63  6:19  Sentry, Zealot  
  63  6:20  Zealot  
  63  6:21  Stalker x2  
  63  6:22  Sentry  
  74  6:27  Probe x2  
  76  6:33  Pylon, Adept  
  76  6:39  Nexus  
  78  6:41  Pylon  
  78  6:43  Observer  
  78  6:47  Pylon  
  78  6:50  Pylon, Probe x2  
  80  6:56  Sentry x3  
  80  6:57  Immortal  
  86  7:02  Probe x2  
  92  7:14  Probe x2  
  94  7:19  Protoss Ground Weapons Level 2  
  93  7:25  Stalker x4  
  93  7:26  Probe x2  
  103  7:36  Probe, Adept  
  109  7:38  Probe  
  109  7:43  Immortal  
  107  7:45  Probe  
  107  7:51  Probe  
  109  7:52  Probe  
  109  7:53  Probe  
  115  8:01  Assimilator  
  115  8:02  Assimilator  
  115  8:03  Probe  
  115  8:04  Probe  
  115  8:05  Probe  
  115  8:15  Robotics Bay, Probe  
  115  8:16  Probe  
  115  8:17  Robotics Facility, Probe  
  115  8:18  Immortal  
  118  8:27  Probe  
  118  8:28  Probe  
  118  8:29  Probe  
  125  8:39  Probe  
  125  8:41  Stalker x3  
  132  8:45  Gateway  
  132  8:47  Photon Cannon  
  131  8:49  Shield Battery  
  131  8:50  Photon Cannon  
  131  8:54  Photon Cannon  
  131  8:55  Stalker  
  132  9:06  Pylon x2  
  132  9:07  Pylon  
  132  9:13  Disruptor x2  
  132  9:14  Pylon  
  132  9:15  Pylon  
  138  9:28  Nexus  
  138  9:35  Stalker x4  
  146  9:49  Stalker x2, Disruptor x2  
  150  10:12  Stalker x5  
  153  10:24  Disruptor  
  153  10:25  Disruptor  
  143  10:37  Nexus  
  143  10:40  Sentry x2  
  147  10:45  Stalker x2  
  147  10:47  Stalker  
  151  11:00  Disruptor  
  151  11:02  Stalker x2  
  154  11:09  Protoss Ground Weapons Level 3  
  154  11:10  Pylon  
  154  11:12  Pylon  
  154  11:14  Disruptor  
  154  11:15  Nexus  
  157  11:19  Probe  
  157  11:20  Probe x2  
  160  11:31  Probe  
  160  11:32  Probe x2  
  163  11:33  Stalker  
  163  11:34  Stalker x2  
  163  11:37  Observer  
  170  11:44  Zealot x3  
  176  11:50  Dark Templar  
  170  11:57  Dark Templar x2  
  174  12:02  Pylon  
  174  12:08  Pylon x2  
  174  12:17  Pylon  
  174  12:18  Pylon  
  174  12:34  Adept  
  174  12:36  Disruptor x2  
  179  12:38  Nexus  
  182  12:50  Stalker  
  182  12:51  Stalker x5  
  189  13:17  Stalker  
  189  13:18  Stalker x6  
  113  13:41  Archon  
  113  13:45  Nexus  
  113  13:46  Dark Templar x4  
  115  13:59  Dark Templar x3  
  121  14:04  Archon x2  
  121  14:13  Pylon  
  121  14:17  Disruptor x2  
  127  14:35  Stalker x6  
  127  14:36  Stalker  
  133  14:50  Photon Cannon  
  133  14:57  Observer  
  133  14:58  Warp Prism  
  134  15:00  Dark Templar  
  134  15:01  Sentry x2  
  134  15:02  Stalker  
Show
View Real Time Build Order
Export as new Build Order

scarlett Zerg - Winner!

Build Orders: Hatch First, Muta Ling Bane 

Get SALT Encoding   

  12  0:00  Drone  
  13  0:12  Overlord  
  13  0:17  Drone  
  14  0:31  Drone x2  
  16  0:49  Hatchery  
  15  0:52  Drone  
  15  0:56  Drone  
  17  0:59  Drone  
  18  1:10  Extractor  
  17  1:15  Spawning Pool  
  17  1:18  Drone  
  17  1:21  Drone  
  18  1:29  Drone  
  19  1:39  Drone  
  20  1:49  Hatchery  
  20  1:52  Drone  
  20  2:00  Drone  
  20  2:01  Drone  
  22  2:07  Queen  
  24  2:16  Queen  
  26  2:23  Overlord  
  26  2:28  Drone  
  27  2:30  Metabolic Boost  
  27  2:34  Drone  
  28  2:41  Drone x3  
  31  2:47  Queen  
  33  2:52  Drone  
  33  2:53  Drone  
  33  2:55  Zergling x2  
  36  3:01  Overlord  
  36  3:05  Drone  
  36  3:06  Drone x2  
  36  3:11  Overlord  
  39  3:15  Overlord  
  39  3:20  Drone  
  39  3:24  Drone  
  39  3:25  Drone  
  42  3:28  Lair  
  42  3:32  Zergling x2  
  42  3:33  Drone x2  
  45  3:37  Queen  
  45  3:40  Drone  
  48  3:44  Drone x2  
  50  3:49  Drone x3  
  50  3:54  Roach Warren  
  52  3:58  Drone x2  
  52  4:02  Drone x3  
  57  4:05  Overlord  
  57  4:08  Overlord  
  57  4:10  Extractor x2  
  57  4:11  Drone  
  57  4:15  Overlord  
  56  4:22  Overlord  
  57  4:24  Drone x4  
  57  4:26  Overseer  
  57  4:29  Zergling x6  
  61  4:34  Overseer  
  61  4:36  Zergling x8  
  58  4:51  Drone  
  58  4:52  Overseer  
  55  5:03  Drone x5  
  59  5:08  Drone x2  
  60  5:14  Drone x4  
  64  5:22  Drone x6  
  64  5:25  Glial Reconstitution  
  70  5:30  Overlord  
  70  5:33  Roach x2  
  74  5:46  Roach x6  
  86  5:51  Roach x2  
  86  5:52  Roach  
  92  6:01  Roach  
  92  6:02  Roach x2  
  96  6:06  Drone  
  96  6:07  Drone x2  
  96  6:10  Overlord  
  97  6:17  Overlord x4  
  97  6:20  Overlord  
  97  6:23  Overlord  
  97  6:27  Queen  
  99  6:36  Drone  
  99  6:37  Drone x5  
  105  6:43  Drone  
  105  6:44  Drone x3, Evolution Chamber  
  105  6:46  Extractor  
  107  6:47  Spire  
  106  6:55  Drone x3  
  106  6:57  Extractor  
  106  6:58  Extractor, Roach  
  109  7:03  Drone  
  109  7:04  Roach x4  
  118  7:10  Drone, Overlord  
  118  7:11  Drone  
  119  7:23  Drone x2, Overlord  
  119  7:24  Zerg Missile Weapons Level 1  
  119  7:29  Roach x6  
  133  7:31  Spore Crawler  
  133  7:35  Overlord  
  132  7:37  Roach x6  
  143  7:52  Overlord x2  
  143  7:55  Roach x3  
  149  8:05  Mutalisk x5  
  147  8:09  Overlord x3  
  147  8:10  Baneling Nest  
  155  8:15  Drone  
  156  8:22  Mutalisk x2  
  156  8:23  Queen  
  156  8:25  Roach x6, Zergling x2  
  173  8:38  Hatchery  
  173  8:39  Zergling x12  
  178  8:45  Drone  
  179  8:53  Centrifical Hooks  
  179  8:55  Zergling x18  
  188  9:05  Drone  
  188  9:08  Evolution Chamber  
  188  9:13  Zergling x2  
  188  9:14  Zergling x10  
  194  9:24  Spine Crawler  
  193  9:25  Spine Crawler  
  193  9:27  Drone, Spore Crawler  
  193  9:29  Ravager x7  
  199  9:31  Zerg Melee Weapons Level 1  
  199  9:43  Ravager  
  200  9:46  Baneling x8  
  200  9:47  Baneling x10  
  200  10:01  Baneling x10  
  200  10:07  Baneling x4  
  200  10:10  Zergling x16  
  199  10:20  Zergling x4  
  191  10:33  Infestation Pit, Spine Crawler, Spore Crawler  
  180  10:44  Zergling x26  
  173  11:03  Zerg Missile Weapons Level 2  
  165  11:05  Zergling x28  
  179  11:13  Hive  
  179  11:15  Drone x3, Queen  
  179  11:17  Spire  
  179  11:18  Extractor x2  
  180  11:27  Zerg Melee Weapons Level 2  
  180  11:28  Drone x5  
  180  11:29  Drone x6  
  191  11:33  Ravager x5  
  191  11:34  Ravager x3  
  191  11:37  Zergling x2  
  200  11:41  Hatchery  
  195  12:05  Drone x2  
  195  12:06  Drone x2  
  199  12:13  Spore Crawler  
  199  12:14  Spine Crawler  
  199  12:15  Hatchery  
  195  12:23  Overlord  
  195  12:29  Zergling x10  
  200  12:31  Baneling x2  
  198  12:50  Overseer  
  184  12:51  Pneumatized Carapace  
  184  12:53  Zergling x32  
  198  13:00  Baneling x33  
  198  13:04  Zergling x8  
  167  13:17  Roach, Zergling x2  
  167  13:18  Roach x3, Zergling x26  
  124  13:33  Drone x6  
  124  13:36  Zerg Missile Weapons Level 3  
  124  13:38  Greater Spire  
  124  13:40  Corruptor, Hatchery  
  124  13:41  Corruptor x3  
  125  13:47  Ravager x4  
  135  13:51  Adrenal Glands  
  131  14:03  Drone x8  
  131  14:08  Queen  
  137  14:30  Baneling  
  137  14:31  Baneling x19  
  133  14:40  Zergling x36  
  133  14:43  Extractor x2  
  149  14:50  Brood Lord  
  151  14:57  Brood Lord x3  
  151  14:59  Drone x3  
  160  15:01  Drone x3  
  160  15:04  Infestor  
  160  15:06  Drone x3  
  165  15:19  Zergling x22  
  165  15:20  Zergling x6  
  154  15:29  Zergling x14  
  143  15:41  Hatchery  
Tags
 
Add a new tag
Caveats
  • Supply blocks, unpowered buildings, or Contaminate may cause inaccurate times.
  • Supply counts are checked every 10 seconds.